NCAA
MISSISSIPPI STATE BULLDOGS @ OREGON DUCKS
04/28/2027
 
TOP OF THE 1ST
Mississippi State Bulldogs batting - Pitching for Oregon Ducks : RHP Nelson Dixon
Pitching: RHP Nelson Dixon
Batting: RHB Hunter Hudson 0-0: Called Strike
0-1: Ball
1-1: Ball
2-1: Foul Ball, location: 2F
2-2: Strikes out swinging
Pitching: LHP Kevin Oliver
Batting: RHB Josh Randall 0-0: Ball
1-0: Foul Ball, location: 2F
1-1: Ball
2-1: Ball
3-1: Foul Ball, location: 2F
3-2: Fly out, F7 (Flyball, 78M)
Batting: RHB Phil Rowlett 0-0: Called Strike
0-1: Called Strike
0-2: Strikes out looking
Top of the 1st over - 0 run(s), 0 hit(s), 0 error(s), 0 left on base; Mississippi State 0 - Oregon 0
BOTTOM OF THE 1ST
Oregon Ducks batting - Pitching for Mississippi State Bulldogs : RHP Brian Harvey
Pitching: RHP Brian Harvey
Batting: LHB Bill Stephenson 0-0: Swinging Strike
0-1: Ground out 1-3 (Groundball, 15S)
Batting: RHB Michael Heller 0-0: Ball
1-0: Foul Ball, location: 2F
1-1: Called Strike
1-2: Strikes out swinging
Batting: LHB Justin McCoy 0-0: Ball
1-0: Called Strike
1-1: Ball
2-1: Swinging Strike
2-2: Ball
3-2: Fly out, F8 (Flyball, 8RM)
Bottom of the 1st over - 0 run(s), 0 hit(s), 0 error(s), 0 left on base; Mississippi State 0 - Oregon 0
TOP OF THE 2ND
Mississippi State Bulldogs batting - Pitching for Oregon Ducks : LHP Kevin Oliver
Batting: LHB Trey Fitzpatrick 0-0: Called Strike
0-1: Ball
1-1: Ball
2-1: SINGLE (Flyball, 8RS)
Batting: LHB Lúcio Gómez 0-0: Ball
1-0: Swinging Strike
1-1: Ball
2-1: Ball
3-1: Grounds into double play, 4-6-3 (Groundball, 4M)
Batting: LHB Jack Crawford 0-0: Ball
1-0: Ball
2-0: Ground out 4-3 (Groundball, 4)
Top of the 2nd over - 0 run(s), 1 hit(s), 0 error(s), 0 left on base; Mississippi State 0 - Oregon 0
BOTTOM OF THE 2ND
Oregon Ducks batting - Pitching for Mississippi State Bulldogs : RHP Brian Harvey
Batting: RHB Raúl González 0-0: Foul Ball, location: 2F
0-1: Called Strike
0-2: Ball
1-2: Ball
2-2: Strikes out swinging
Batting: RHB Artie Mills 0-0: Called Strike
0-1: Foul Ball, location: 2F
0-2: SOLO HOME RUN (Flyball, 7D), Distance : 350 ft
Batting: RHB William Ewing 0-0: Called Strike
0-1: Called Strike
0-2: Ball
1-2: Strikes out swinging
Batting: RHB José Vega 0-0: Foul Ball, location: 2F
0-1: Swinging Strike
0-2: Ball
1-2: Strikes out swinging
Bottom of the 2nd over - 1 run(s), 1 hit(s), 0 error(s), 0 left on base; Mississippi State 0 - Oregon 1
TOP OF THE 3RD
Mississippi State Bulldogs batting - Pitching for Oregon Ducks : LHP Kevin Oliver
Batting: RHB Nick Dillon 0-0: Ball
1-0: Foul Ball, location: 2F
1-1: Ground out 4-3 (Groundball, 4)
Batting: LHB Darren Cook 0-0: Foul Ball, location: 2F
0-1: Called Strike
0-2: Ball
1-2: Ball
2-2: Foul Ball, location: 2F
2-2: Ground out 6-3 (Groundball, 6)
Batting: SHB Jessie Teague 0-0: Swinging Strike
0-1: DOUBLE (Flyball, 89D)
Batting: RHB Hunter Hudson 0-0: Ball
1-0: Ball
2-0: Swinging Strike
2-1: Foul Ball, location: 2F
2-2: Ball
3-2: Foul Ball, location: 2F
3-2: Base on Balls
Batting: RHB Josh Randall 0-0: Foul Ball, location: 2F
0-1: Foul Ball, location: 2F
0-2: Ball
1-2: Ball
2-2: Fly out, F9 (Flyball, 9LS)
Top of the 3rd over - 0 run(s), 1 hit(s), 0 error(s), 2 left on base; Mississippi State 0 - Oregon 1
BOTTOM OF THE 3RD
Oregon Ducks batting - Pitching for Mississippi State Bulldogs : RHP Brian Harvey
Batting: RHB Sean Smith 0-0: Ball
1-0: Foul Ball, location: 2F
1-1: Ball
2-1: SINGLE (Line Drive, 6D)
Batting: RHB Jason Wheeler 0-0: Foul Ball, location: 2F
0-1: Swinging Strike
0-2: Foul Ball, location: 2F
0-2: Foul Ball, location: 2F
0-2: Ball
1-2: Foul Ball, location: 2F
1-2: Strikes out looking
Batting: LHB Bill Stephenson 0-0: Called Strike
0-1: Ground out U3 (Groundball, 3)
Sean Smith to second
Batting: RHB Michael Heller 0-0: Ball
1-0: Ground out 5-3 (Groundball, 56)
Bottom of the 3rd over - 0 run(s), 1 hit(s), 0 error(s), 1 left on base; Mississippi State 0 - Oregon 1
TOP OF THE 4TH
Mississippi State Bulldogs batting - Pitching for Oregon Ducks : LHP Kevin Oliver
Batting: RHB Phil Rowlett 0-0: Ball
1-0: Foul Ball, location: 2F
1-1: Ball
2-1: Foul Ball, location: 2F
2-2: Ball
3-2: Base on Balls
Batting: LHB Trey Fitzpatrick 0-0: Foul Ball, location: 2F
0-1: Fly out, F9 (Flyball, 9)
Batting: LHB Lúcio Gómez 0-0: Called Strike
0-1: Ball
1-1: Called Strike
1-2: Fly out, F8 (Flyball, 8RM)
Pitching: RHP Jason McBride
Batting: LHB Jack Crawford 0-0: Called Strike
0-1: Called Strike
0-2: Ball
1-2: Ground out 1-3 (Groundball, P)
Top of the 4th over - 0 run(s), 0 hit(s), 0 error(s), 1 left on base; Mississippi State 0 - Oregon 1
BOTTOM OF THE 4TH
Oregon Ducks batting - Pitching for Mississippi State Bulldogs : RHP Brian Harvey
Batting: LHB Justin McCoy 0-0: Swinging Strike
0-1: Called Strike
0-2: Ball
1-2: Ball
2-2: Strikes out swinging, 2-3 out at first.
Batting: RHB Raúl González 0-0: Ground out 3-1 (Groundball, 34)
Batting: RHB Artie Mills 0-0: Ball
1-0: Ball
2-0: Swinging Strike
2-1: Ball
3-1: Fly out, F9 (Flyball, 9LMF)
Bottom of the 4th over - 0 run(s), 0 hit(s), 0 error(s), 0 left on base; Mississippi State 0 - Oregon 1
TOP OF THE 5TH
Mississippi State Bulldogs batting - Pitching for Oregon Ducks : RHP Jason McBride
Batting: RHB Nick Dillon 0-0: Ball
1-0: Swinging Strike
1-1: Ground out 6-3 (Groundball, 6)
Batting: LHB Darren Cook 0-0: Swinging Strike
0-1: Called Strike
0-2: Ball
1-2: Ball
2-2: Foul Ball, location: 2F
2-2: Ball
3-2: Base on Balls
Batting: SHB Jessie Teague 0-0: Foul Ball, location: 2F
0-1: Ball
1-1: Ball
2-1: Grounds into double play, 1-6-3 (Groundball, 13S)
Top of the 5th over - 0 run(s), 0 hit(s), 0 error(s), 0 left on base; Mississippi State 0 - Oregon 1
BOTTOM OF THE 5TH
Oregon Ducks batting - Pitching for Mississippi State Bulldogs : RHP Brian Harvey
Batting: RHB William Ewing 0-0: Swinging Strike
0-1: Ball
1-1: Swinging Strike
1-2: Strikes out looking
Batting: RHB José Vega 0-0: Called Strike
0-1: Ball
1-1: Ball
2-1: Called Strike
2-2: Ball
3-2: Strikes out looking
Batting: RHB Sean Smith 0-0: Ball
1-0: Ball
2-0: Ball
3-0: Called Strike
3-1: Foul Ball, location: 2F
3-2: SOLO HOME RUN (Flyball, 7D), Distance : 358 ft
Batting: RHB Jason Wheeler 0-0: Swinging Strike
0-1: Reached on error, E7 (Line Drive, 7)
Batting: LHB Bill Stephenson 0-0: Ground out 3-1 (Groundball, 34)
Bottom of the 5th over - 1 run(s), 1 hit(s), 1 error(s), 1 left on base; Mississippi State 0 - Oregon 2
TOP OF THE 6TH
Mississippi State Bulldogs batting - Pitching for Oregon Ducks : RHP Jason McBride
Batting: RHB Hunter Hudson 0-0: Foul Ball, location: 2F
0-1: Foul Ball, location: 2F
0-2: Foul Ball, location: 2F
0-2: SINGLE (Line Drive, 8RS)
Batting: RHB Josh Randall Pickoff Throw to First - Out!
0-0: Ball
1-0: Ball
2-0: Ground out 1-3 (Groundball, 13)
Batting: RHB Phil Rowlett 0-0: Ball
1-0: Foul Ball, location: 2F
1-1: Ground out 6-3 (Groundball, 6)
Top of the 6th over - 0 run(s), 1 hit(s), 0 error(s), 0 left on base; Mississippi State 0 - Oregon 2
BOTTOM OF THE 6TH
Oregon Ducks batting - Pitching for Mississippi State Bulldogs : RHP Brian Harvey
Batting: RHB Michael Heller 0-0: Called Strike
0-1: Swinging Strike
0-2: Strikes out swinging
Batting: LHB Justin McCoy 0-0: Called Strike
0-1: Ball
1-1: Swinging Strike
1-2: Strikes out swinging
Batting: RHB Raúl González 0-0: Ball
1-0: Ball
2-0: Foul Ball, location: 2F
2-1: Swinging Strike
2-2: Foul Ball, location: 2F
2-2: Foul Ball, location: 2F
2-2: Foul Ball, location: 2F
2-2: Strikes out looking
Bottom of the 6th over - 0 run(s), 0 hit(s), 0 error(s), 0 left on base; Mississippi State 0 - Oregon 2
TOP OF THE 7TH
Mississippi State Bulldogs batting - Pitching for Oregon Ducks : RHP Jason McBride
Batting: LHB Trey Fitzpatrick 0-0: Called Strike
0-1: Ball
1-1: Ball
2-1: Ball
3-1: Foul Ball, location: 2F
3-2: Strikes out swinging
Batting: LHB Lúcio Gómez 0-0: Ball
1-0: Called Strike
1-1: SINGLE (Flyball, 7S)
Batting: LHB Jack Crawford 0-0: Foul Ball, location: 2F
0-1: Foul Ball, location: 2F
0-2: Foul Ball, location: 2F
0-2: Foul Ball, location: 2F
0-2: Strikes out looking
Batting: RHB Nick Dillon 0-0: Ball
1-0: Ball
2-0: Ball
3-0: Base on Balls
Lúcio Gómez to second
Batting: LHB Darren Cook 0-0: Ball
1-0: SINGLE (Groundball, 34S) (infield hit)
Lúcio Gómez to third
Nick Dillon to second
Batting: SHB Jessie Teague 0-0: Ball
1-0: Ball
2-0: Called Strike
2-1: Ball
3-1: Swinging Strike
3-2: Fly out, F4 (Popup, 34D)
Top of the 7th over - 0 run(s), 2 hit(s), 0 error(s), 3 left on base; Mississippi State 0 - Oregon 2
BOTTOM OF THE 7TH
Oregon Ducks batting - Pitching for Mississippi State Bulldogs : RHP Brian Harvey
Pitching: LHP José Rodríguez
Batting: RHB Artie Mills 0-0: Ball
1-0: Foul Ball, location: 2F
1-1: Ball
2-1: SOLO HOME RUN (Flyball, 7LD), Distance : 326 ft
Batting: RHB William Ewing 0-0: Swinging Strike
0-1: Swinging Strike
0-2: Strikes out swinging
Batting: RHB José Vega 0-0: Foul Ball, location: 2F
0-1: Fly out, F8 (Flyball, 78M)
Batting: RHB Sean Smith 0-0: Swinging Strike
0-1: Foul Ball, location: 2F
0-2: Ball
1-2: Ball
2-2: Strikes out looking
Bottom of the 7th over - 1 run(s), 1 hit(s), 0 error(s), 0 left on base; Mississippi State 0 - Oregon 3
TOP OF THE 8TH
Mississippi State Bulldogs batting - Pitching for Oregon Ducks : RHP Jason McBride
Pitching: RHP Brian Goodwin
Batting: RHB Hunter Hudson 0-0: Called Strike
0-1: Ball
1-1: Called Strike
1-2: Ball
2-2: Strikes out swinging
Batting: RHB Josh Randall 0-0: Ball
1-0: Foul Ball, location: 2F
1-1: Called Strike
1-2: Ball
2-2: Ball
3-2: Base on Balls
Batting: RHB Phil Rowlett 0-0: Ball
1-0: Ball
2-0: Ball
3-0: Base on Balls
Josh Randall to second
Pitching: LHP Phil Sims
Batting: LHB Trey Fitzpatrick 0-0: Ball
1-0: Called Strike
1-1: Grounds into double play, 6-4-3 (Groundball, 6)
Top of the 8th over - 0 run(s), 0 hit(s), 0 error(s), 1 left on base; Mississippi State 0 - Oregon 3
BOTTOM OF THE 8TH
Oregon Ducks batting - Pitching for Mississippi State Bulldogs : LHP José Rodríguez
Batting: RHB Jason Wheeler 0-0: Ball
1-0: Fly out, F9 (Flyball, 9LMF)
Batting: LHB Bill Stephenson 0-0: Foul Ball, location: 2F
0-1: Ball
1-1: Ball
2-1: Ball
3-1: Base on Balls
Batting: RHB Michael Heller 0-0: Ball
1-0: SINGLE (Groundball, 6MD)
Bill Stephenson to second
Runner from 2nd tries for 3rd, SAFE, no throw
Batting: LHB Justin McCoy 0-0: Ball
1-0: Foul Ball, location: 2F
1-1: Ball
2-1: Called Strike
2-2: Ball
3-2: SINGLE (Flyball, 89M)
Bill Stephenson scores
Michael Heller to second
Throwing error, E8
Michael Heller scores
Justin McCoy to second
Pitching: RHP Salvador Delgado
Batting: RHB Raúl González 0-0: Ground out 6-3 (Groundball, 6)
Batting: RHB Artie Mills 0-0: Ball
1-0: Ball
2-0: Called Strike
2-1: Called Strike
2-2: Ball
3-2: Base on Balls
Batting: RHB William Ewing 0-0: Ball
1-0: Ball
2-0: Ball
3-0: Base on Balls
Justin McCoy to third
Artie Mills to second
Batting: RHB José Vega 0-0: Ground out 6-3 (Groundball, 6M)
Bottom of the 8th over - 2 run(s), 2 hit(s), 1 error(s), 3 left on base; Mississippi State 0 - Oregon 5
TOP OF THE 9TH
Mississippi State Bulldogs batting - Pitching for Oregon Ducks : LHP Phil Sims
Now in CF: Peter Rodgers
Batting: LHB Lúcio Gómez 0-0: Ground out 1-3 (Groundball, 15S)
Batting: LHB Jack Crawford 0-0: Called Strike
0-1: Ball
1-1: Foul Ball, location: 2F
1-2: Fly out, F5 (Line Drive, 56)
Batting: RHB Nick Dillon 0-0: Called Strike
0-1: Ball
1-1: Foul Ball, location: 2F
1-2: Strikes out swinging
Top of the 9th over - 0 run(s), 0 hit(s), 0 error(s), 0 left on base; Mississippi State 0 - Oregon 5
Thursday, March 30th, 2017 - OOTP Baseball 17.12 Build 75